AoeStats
← bobozius

Arena

509068399Analyzed
1v1 RM · 5d ago on Sep 25, 2026· 48m 45s· 2 players
Game mode
Random Map
Map size
Tiny (2 player)
Population
200
Speed
Normal
Resources
Standard
Victory
Conquest
Starting age
Dark Age
Ending age
Imperial Age
RankedLock teamsTeams togetherTeam positionsShared explorationLock speedFull tech treeHidden civsTurbo modeCheats
Victory
Defeat
🇩🇪 Vietnamese · Germany
545
+20
🇷🇺 Portuguese · Russia
632
-20
bobozius
12:58 Feudal Age
13:24 Double-Bit Axe
13:21 Horse Collar
14:31 Wheelbarrow
18:32 Castle Age
17:41 Town Watch
19:24 Bow Saw
19:17 Heavy Plow
19:22 Stone Mining
19:55 Fletching
20:08 Padded Archer Armor
21:35 Man-at-Arms
24:23 Hand Cart
24:05 Elite Skirmisher
26:39 Town Watch
26:55 Gold Mining
27:43 Stone Shaft Mining
27:46 Town Patrol
29:53 Bodkin Arrow
34:41 Imperial Age
32:01 Loom
34:33 Masonry
34:34 Fortified Wall
34:05 Treadmill Crane
34:41 Masonry
34:42 Fortified Wall
34:52 Elite Rattan Archer
35:52 Paper Money
36:37 Chemistry
35:51 Masonry
35:47 Siege Engineers
35:53 Fortified Wall
37:37 Bracer
37:52 Leather Archer Armor
39:52 Long Swordsman
40:26 Imperial Skirmisher
41:39 Ring Archer Armor
41:19 Forging
43:00 Two-Man Saw
42:31 Crop Rotation
44:51 Iron Casting
44:16 Scale Mail Armor
44:22 Scale Barding Armor
44:18 Elite Battle Elephant
44:59 Husbandry
44:20 Cavalier
48:22 Chain Barding Armor
48:18 Chain Mail Armor
48:45 Bloodlines
47:55 Light Cavalry
49:18 Ballistics
48:49 Heated Shot
48:32 Onager
48:32 Capped Ram
kodr6r6
9:07 Feudal Age
19:22 Castle Age
17:27 Double-Bit Axe
17:46 Horse Collar
18:00 Gold Mining
18:24 Stone Mining
19:14 Forging
20:13 Heavy Plow
20:25 Bow Saw
21:39 Stone Shaft Mining
21:59 Husbandry
22:27 Loom
24:26 Pikeman
26:45 Bloodlines
26:15 Man-at-Arms
33:08 Imperial Age
32:03 Scale Barding Armor
32:36 Wheelbarrow
31:50 Elite Skirmisher
32:52 Arson
37:05 Chemistry
Connection lost

Rejoining the realm…

Still unreachable

The connection could not be restored.

Session expired

The server has moved on; the page needs a fresh start.